 Dungeon Crawl Stone Soup version 0.18-a0-1570-gf60b0ab (webtiles) character file.

93 M4edhros the Poker (level 4, -8/31 HPs)
             Began as an Octopode Chaos Knight on Mar 14, 2016.
             Mangled by a gnoll
             ... wielding a +2 halberd of freezing
              (11 damage)
             ... on level 4 of the Dungeon.
             The game lasted 00:03:39 (1591 turns).

M4edhros the Poker (Octopode Chaos Knight)          Turns: 1591, Time: 00:03:39

Health: -8/31      AC:  1    Str: 11    XL:     4   Next: 62%
Magic:  4/4        EV: 12    Int: 14    God:    Xom [*.....]
Gold:   117        SH:  0    Dex: 12    Spells: 0 memorised, 3 levels left

rFire  . . .     SeeInvis .     a - +0 spear (chaos)
rCold  . . .     Gourm    .     (no shield)
rNeg   . . .     Faith    .     (helmet restricted)
rPois  .         Spirit   .     f - amulet of magic regeneration
rElec  .         Dismiss  .     d - ring of fire
rCorr  +         Reflect  .     l - ring of resist corrosion
SustAt .         Harm     .     k - ring of ice
MR     .....                    (no ring)
Stlth  ++........               (no ring)
                                (no ring)
                                (no ring)
                                (no ring)

@: not resistant to hostile enchantments, unstealthy
A: almost no armour, amphibious, 8 rings, constrict 8, camouflage 1, gelatinous
body 1
a: Renounce Religion


You were on level 4 of the Dungeon.
You worshipped Xom.
You were a special plaything of Xom.
You were very hungry.

You visited 1 branch of the dungeon, and saw 4 of its levels.

You collected 117 gold pieces.

Inventory:

Hand Weapons
 a - a +0 spear of chaos (weapon)
 i - a +0 hunting sling
Missiles
 h - 50 stones (quivered)
Jewellery
 d - a ring of fire (left tentacle)
 f - an amulet of magic regeneration (around mantle)
 k - a ring of ice (on tentacle)
 l - a ring of resist corrosion (right tentacle)
Scrolls
 c - a scroll of identify {unknown}
 e - a scroll of fog {unknown}
 m - a scroll of enchant armour {unknown}
Comestibles
 b - a bread ration


   Skills:
 - Level 3.0 Fighting
 + Level 5.2 Polearms
 - Level 2.3 Dodging


You had 3 spell levels left.
You didn't know any spells.

Dungeon Overview and Level Annotations

Branches:
Dungeon (4/15)
 Temple: D:4-7

Altars:


Innate Abilities, Weirdness & Mutations

You cannot wear most types of armour.
You are amphibious.
You can wear up to eight rings at the same time.
You can use your tentacles to constrict eight enemies at once.
Your skin changes colour to match your surroundings (Stealth).
Your rubbery body absorbs attacks (AC +1).


Message History

Attack whom?
Press: ? - help, Dir - move target cursor, f - gnoll
Aim: a gnoll, wielding a halberd of freezing (fast)
You reach to attack!
You barely miss the gnoll. The gnoll barely misses you.
Attack whom?
Press: ? - help, Dir - move target cursor, f/p - gnoll
Aim: a gnoll, wielding a halberd of freezing (fast)
You reach to attack!
You hit the gnoll.
The gnoll is moderately wounded.
The gnoll hits you from afar with a halberd of freezing!
* * * LOW HITPOINT WARNING * * *
The gnoll freezes you.
* * * LOW HITPOINT WARNING * * *
Evoke which item? (* to show all) (? for menu, Esc to quit)
Okay, then.
You aren't carrying any potions.
Read which item? (? for menu, Esc to quit)
Okay, then.
The gnoll hits you with a halberd of freezing!
You die...

...................####.#........
..###......#..###..####.#....##.#
.............................# #
.............................#
..##............................
..##..###..##..##..##.#.#........
..##...........##..#.............
#..###..##..##..#..#.........#
.....)...@g...............
##.###...##....#.........
#...##....#.. ....
#...##....#.#....#
##.###...##....#.#....##
.........##....#.#......
##.####..####.>#.#......
....##..####.........##
#...........#)..........


You could see a gnoll.

Vanquished Creatures
  A worker ant (D:4)
  3 gnolls (D:4)
  An adder (D:2)
  A worm (D:4)
  A giant cockroach (D:2)
  10 goblins
  A hobgoblin (D:3)
  4 jackals (D:4)
  A quokka (D:3)
  2 bats (D:2)
  A giant newt (D:2)
  2 kobolds
28 creatures vanquished.

Notes
Turn   | Place    | Note
--------------------------------------------------------------
     0 | D:1      | M4edhros the Octopode Chaos Knight began the quest for the Orb.
     0 | D:1      | Reached XP level 1. HP: 16/16 MP: 1/1
   167 | D:2      | XOM: noise
   176 | D:2      | Reached XP level 2. HP: 17/21 MP: 2/2
   408 | D:3      | Reached skill level 4 in Polearms
   413 | D:3      | Reached XP level 3. HP: 24/26 MP: 3/3
   483 | D:3      | XOM: harmless Erth miscast
   996 | D:4      | XOM: enchant monster (good)
  1063 | D:4      | Reached XP level 4. HP: 26/31 MP: 4/4
  1174 | D:4      | Noticed a necrophage
  1183 | D:4      | XOM: harmless Summ miscast
  1188 | D:4      | XOM: swap monsters
  1220 | D:4      | XOM: mild Necr miscast
  1240 | D:4      | XOM: summons friendly quasit
  1270 | D:4      | XOM: silly message
  1384 | D:4      | XOM: noise
  1393 | D:4      | XOM: 2-stop teleportation journey
  1397 | D:4      | XOM: swap monsters
  1403 | D:4      | Reached skill level 5 in Polearms
  1470 | D:4      | XOM: harmless Summ miscast
  1473 | D:4      | XOM: confuse monster(s)
  1508 | D:4      | XOM: blink monster(s)
  1571 | D:4      | XOM: mild Fire miscast
  1581 | D:4      | XOM: enchant monster (bad)
  1591 | D:4      | Mangled by a gnoll

Vault maps used:
D:1:      sevenhm_arrival_forest_fort_small_4, hangedman_decor_push
D:2:      minivault_11, nrook_mini_backslash
D:3:      grunt_temple_overflow_lords_of_destruction, tso_oasis_becter,
          cheibriados_altar_wand_db, minmay_hedge_maze, minmay_goblin_outpost
D:4:      nicolae_gozag_zags_fifth_avenue, kennysheep_mini

Skill      XL: |  1  2  3  4 |
---------------+-------------+-----
Polearms       | 4 5 |  5.2
Fighting       | |  3.0
Dodging        | |  2.3

Action                   |  1- 3 |  4- 6 || total
-------------------------+-------+-------++-------
Melee: Spear             |    55 |    16 ||    71
  Use: Potion            |       |     1 ||     1
 Stab: Sleeping          |     1 |       ||     1
       Confused          |       |     2 ||     2
  Eat: Chunk             |       |     1 ||     1
